 Dungeon Crawl Stone Soup version 0.29.1-12-g30fa7ad0bf (webtiles) character file.

Game seed: 12118174146671823703

67 GeoRichter the Sneak (level 3, 0/24 HPs)
             Began as a Demonspawn Enchanter on Dec 19, 2022.
             Slain by a hound (3 damage)
             ... on level 4 of the Dungeon.
             The game lasted 00:04:16 (3166 turns).

GeoRichter the Sneak (Demonspawn Enchanter)         Turns: 3166, Time: 00:04:17

Health: 0/24       AC:  5    Str:  8    XL:     3   Next: 98%
Magic:  6/6        EV: 12    Int: 16    God:
Gold:   144        SH:  0    Dex: 15    Spells: 0/6 levels left

rFire   . . .      SeeInvis .   a - +6 dagger "Killer Bee's Foe" {freeze, *Corrode rPois Will++ Stlth+}
rCold   . . .      Faith    .   (no shield)
rNeg    . . .      Spirit   .   t - +0 robe
rPois   +          Reflect  .   (no helmet)
rElec   .          Harm     .   e - +0 cloak
rCorr   .          Rampage  .   m - +0 pair of gloves
Will    ++...                   (no boots)
Stlth   +++.......              (no amulet)
HPRegen 0.08/turn               (no ring)
MPRegen 0.10/turn               (no ring)

@: no status effects
A: powered by death 1, sharp scales 1
a: no special abilities


You were on level 4 of the Dungeon.
You visited 1 branch of the dungeon, and saw 4 of its levels.

You collected 144 gold pieces.

Inventory:

Hand Weapons
 a - the +6 dagger "Killer Bee's Foe" (weapon) {freeze, *Corrode rPois Will++ Stlth+}
   (You found it on level 3 of the Dungeon)

   It freezes those it strikes, dealing additional cold damage.
   It can also slow down cold-blooded creatures.
   rPois:     It protects you from poison.
   *Corrode:  It may corrode you when you take damage.
   Will:      It greatly increases your willpower.
   Stlth:     It makes you more stealthy.
 b - a +1 dagger
Armour
 e - a +0 cloak (worn)
   (You found it on level 1 of the Dungeon)
 m - a +0 pair of gloves (worn)
   (You found it on level 2 of the Dungeon)
 t - a +0 robe (worn)
Scrolls
 d - 5 scrolls of identify {unknown}
 g - a scroll of enchant weapon {unknown}
 h - 2 scrolls of magic mapping {unknown}
 i - a scroll of blinking {unknown}
 j - a scroll of noise {unknown}
 k - a scroll of amnesia {unknown}
 n - a scroll of silence {unknown}
 o - a scroll of enchant armour {unknown}
 q - a scroll of fear {unknown}
 r - 2 scrolls of teleportation {unknown}
 v - a scroll of poison {unknown}
 w - a scroll of acquirement {unknown}
Potions
 c - 2 potions of invisibility
 f - a potion of lignification {unknown}
 l - 2 potions of magic {unknown}
 p - a potion of might {unknown}
 s - a potion of degeneration {unknown}
 u - a potion of resistance {unknown}


   Skills:
 * Level 2.8 Short Blades
 - Level 1.7 Dodging
 + Level 3.4 Stealth
 - Level 2.0 Spellcasting
 + Level 3.1 Hexes


You couldn't memorise any spells.
You knew the following spells:

 Your Spells              Type           Power      Damage    Failure   Level
a - Confusing Touch       Hex            11%        N/A       17%         3
b - Tukima's Dance        Hex            11%        N/A       17%         3

Your spell library contained the following spells:

 Spells                   Type           Power      Damage    Failure   Level
 Ensorcelled Hibernation  Hex/Ice        12%        N/A       17%         2
 Apportation              Tloc           2%         N/A       21%         1
 Necrotise                Necr           4%         1d4       21%         1
 Summon Small Mammal      Summ           4%         N/A       21%         1
 Dazzling Flash           Conj/Hex       12%        N/A       32%         3


Dungeon Overview and Level Annotations

Branches:
Dungeon (4/15) Zot: 20842
 Temple: D:4-7

Altars:


Innate Abilities, Weirdness & Mutations

You regenerate a little health from kills.
You are partially covered in razor-sharp scales. (AC +1, Slay +1)


Message History

You kill the orc!
Things that are here:
a +0 club; a +0 dagger Done exploring.
Done exploring.
There is a stone staircase leading down here.
You climb downwards.
There is a stone staircase leading up here.
Found a stone staircase leading down.
There is a stone staircase leading down here.
There is a stone staircase leading up here.
Found a stone staircase leading down.
You open the door.
A goblin is nearby!
There is an open door here.
The helpless goblin fails to defend itself.
You impale the goblin!! You freeze the goblin.
You kill the goblin!
Found a scroll labelled HUUMOD ADIKO.
You see here a +0 club.
You open the door.
There is an open door here.
Found 13 gold pieces.
The iguana hisses angrily.
The hound barks!
The iguana bites you!
You hit the iguana.
The iguana seems to slow down.
You freeze the iguana. The hound misses you.
The iguana bites you but does no damage.
You barely miss the iguana. The hound misses you.
You hit the iguana. You freeze the iguana. The hound misses you.
The iguana closely misses you.
You closely miss the iguana.
The hound misses you. x2; The iguana bites you!
* * * LOW HITPOINT WARNING * * *
There is an open door here.
You barely miss the hound.
The iguana is no longer moving slowly.
The hound closely misses you. The hound bites you but does no damage.
The hound attacks as you move away! The hound bites you but does no damage.
You closely miss the hound. The hound bites you but does no damage.
You hit the hound. You freeze the hound. The hound misses you.
The hound stops to sniff the ground.
The hound bites you but does no damage.
You hit the hound. You freeze the hound.
The hound bites you but does no damage.
You closely miss the hound. The hound bites you.
* * * LOW HITPOINT WARNING * * *
The hound bites you.
* * * LOW HITPOINT WARNING * * *
You closely miss the hound. The hound misses you.
You closely miss the hound. The hound bites you.
You die...

###..####+#####
###...###.....###.$.
###.....####.....###. .
##.......#.###.....###..
##........#..###.....###.
##.........'...###w.^..###
#.....<....#....####+#####
#.......<..#..)..#.....#.#
#..........##...@#..)..#..
#..........###...hl(.?.+..
#..........####..#..(..#..
...........#.###.#.....#..
##.........#..######+####.
#.........'...###.....###
##.....<#.#....###.....##
###....#.#..†..###.....#
######.##.....###...


You could see a worm, an iguana and a hound.

Vanquished Creatures
  An adder (D:2)
  2 dart slugs
  4 orcs (D:3)
  4 ball pythons
  5 endoplasms
  2 giant cockroaches (D:1)
  5 goblins
  4 hobgoblins
  3 kobolds
  A quokka (D:1)
  5 bats
  3 frilled lizards
  5 rats
44 creatures vanquished.

Notes
Turn   | Place    | Note
-------+----------+-------------------------------------------
     0 | D:1      | GeoRichter the Demonspawn Enchanter began the quest for the
                  | Orb.
     0 | D:1      | Reached XP level 1. HP: 13/13 MP: 3/3
    15 | D:1      | Reached skill level 1 in Short Blades
   315 | D:1      | Gained mutation: You are partially covered in razor-sharp
                  | scales. (AC +1, Slay +1) [demonic ancestry]
   315 | D:1      | Reached XP level 2. HP: 13/19 MP: 5/5
  1209 | D:2      | Found a faded altar of an unknown god.
  1325 | D:2      | Gained mutation: You regenerate a little health from kills.
                  | [demonic ancestry]
  1325 | D:2      | Reached XP level 3. HP: 3/24 MP: 6/6
  2207 | D:3      | Identified the +6 dagger "Killer Bee's Foe" {freeze,
                  | *Corrode rPois Will++ Stlth+}
  2374 | D:3      | Learned a level 3 spell: Confusing Touch
  2378 | D:3      | Learned a level 3 spell: Tukima's Dance
  2973 | D:4      | Noticed a phantom
  3166 | D:4      | Slain by a hound

Illustrated notes

Levels and vault maps discovered:
D:1:      scummos_arrival_forest, layout_basic
D:2:      layout_basic, serial_rivers, chequers_serial_rivers_micro_d,
          chequers_serial_rivers_micro_d, chequers_serial_rivers_room_b,
          chequers_serial_rivers_room_b, chequers_serial_rivers_micro_c,
          chequers_serial_rivers_small_b,
          dreamdust_ecumenical_altar_angels_and_demons, hex_intersection
D:3:      layout_basic, nrook_campfire
D:4:      minmay_opposing_rooms, layout_cave_pods, temple_green,
          minmay_quadrilaterals

Skill      XL: |  1  2 |
---------------+-------+-----
Short Blades   | 1 2 |  2.8
Stealth        | 3 |  3.4
Dodging        | |  1.7
Spellcasting   | |  2.0
Hexes          | |  3.1

Action                   || total
-------------------------++-------
Melee: Dagger            ||   133
 Stab: Sleeping          ||    12
Armor: Robe              ||    39
Dodge: Dodged            ||    64
